 Dungeon Crawl Stone Soup version 0.26.0-16-gc1dbca0489 (webtiles) character file.

Game seed: 3414127514964404400

311 Exporg the Shield-Bearer (level 6, -1/48 HPs)
             Began as a Formicid Fighter on Jan 19, 2021.
             Was a Follower of the Shining One.
             Killed by nerve-wracking pain
             ... invoked by an orc priest
              (4 damage)
             ... on level 4 of the Dungeon.
             The game lasted 00:04:22 (3292 turns).

Exporg the Shield-Bearer (Formicid Fighter)         Turns: 3292, Time: 00:04:23

Health: -1/48      AC:  9    Str: 23    XL:     6   Next: 70%
Magic:  6/6        EV:  7    Int:  7    God:    the Shining One [*.....]
Gold:   171        SH: 10    Dex: 10    Spells: 5/5 levels left

rFire    . . .     SeeInvis +   a - +0 war axe
rCold    . . .     Faith    .   c - +0 kite shield
rNeg     . . .     Spirit   .   i - +0 chain mail
rPois    .         Reflect  .   (helmet unavailable)
rElec    .         Harm     .   (no cloak)
rCorr    .         Rampage  .   (no gloves)
Will     .....                  (no boots)
Stlth    ..........             (no amulet)
HPRegen  0.16/turn              o - ring of see invisible
MPRegen  0.10/turn              (no ring)

@: glowing
A: permanent stasis, dig shafts and tunnels, four strong arms, antennae 3
a: Dig, Shaft Self, Renounce Religion


You were on level 4 of the Dungeon.
You worshipped the Shining One.
The Shining One was aware of your devotion.
You visited 1 branch of the dungeon, and saw 4 of its levels.

You collected 171 gold pieces.

Inventory:

Hand Weapons
 a - a +0 war axe (weapon)
 m - a +0 arbalest
Missiles
 r - 46 bolts
Armour
 b - a +0 scale mail
 c - a +0 kite shield (worn)
 i - a +0 chain mail (worn)
Jewellery
 o - a ring of see invisible (left hand)
Scrolls
 e - a scroll of remove curse {unknown}
 f - 3 scrolls of identify {unknown}
 g - a scroll of random uselessness {unknown}
 j - 2 scrolls of teleportation {unknown}
 k - a scroll of noise {unknown}
 q - 2 scrolls of enchant weapon {unknown}
 s - a scroll of fog {unknown}
 t - a scroll of immolation {unknown}
Potions
 d - a potion of might
 h - a potion of curing {unknown}
 l - a potion of resistance {unknown}
 n - 2 potions of haste {unknown}
 p - a potion of invisibility {unknown}
 u - 3 potions of flight {unknown}


   Skills:
 + Level 4.1 Fighting
 + Level 4.4 Axes
 + Level 4.3 Armour
 + Level 0.4 Dodging
 + Level 0.1 Stealth
 + Level 5.2 Shields


You had 5 spell levels left.
You didn't know any spells.
Your spell library was empty.

Dungeon Overview and Level Annotations

Branches:
Dungeon (4/15)
 Temple: D:4-7

Altars:
Ashenzari
Dithmenos
Hepliaklqana
Qazlal
Uskayaw
Vehumet
Xom
The Shining One

Annotations:
D:3 1 runed translucent door


Innate Abilities, Weirdness & Mutations

You cannot be hasted, slowed, berserked, paralysed or teleported.
You can dig through walls and to a lower floor.
Your four strong arms can wield two-handed weapons with a shield.
You have a pair of large antennae on your head. (SInv)


Message History

You block the hound's attack. The hound bites you but does no damage.
You block the hound's attack. The hound barely misses you. The hound bites you.
* * * LOW HITPOINT WARNING * * *
You slash the hound!
The hound is almost dead.
You hit the hound. The hound bites you.
* * * LOW HITPOINT WARNING * * *
The hound barely misses you. The hound bites you.
* * * LOW HITPOINT WARNING * * *
You slash the hound!
You kill the hound!
You closely miss the hound. The hound closely misses you.
The hound bites you but does no damage.
Unknown command.
You hit the orc priest.
The orc priest is moderately wounded.
You closely miss the hound.
The orc priest calls down the wrath of Beogh upon you.
Pain shoots through your body!
You die...

##..##### ........#...
........#... ..##
#......#.. .... #......#..
..... #......#.# ..... #..#
#....ho#.# ...... ...# .#
#@#.##...... #..# #.# ..
##...#....... #..#
#.##.###............ ...#
#.#......##.###..... ##.#
#.#..##.............
##.#####.#..##.......[.####
............##.>.......#
).....#................#
......#................#


You could see a hound and an orc priest.

Vanquished Creatures
  The ghost of jeanjacques the Skirmisher, a weakling DsCK of Xom (D:3)
  2 hounds (D:4)
  An orc priest (D:4)
  An iguana (D:4)
  An orc wizard (D:4)
  2 adders (D:3)
  4 oozes
  5 worms
  2 dart slugs (D:3)
  3 leopard geckos
  9 orcs
  A giant cockroach (D:3)
  5 hobgoblins
  8 jackals
  A quokka (D:2)
  4 ball pythons
  4 bats
  A frilled lizard (D:2)
  6 goblins
  A jackal skeleton (D:4)
  5 kobolds
  3 rats
70 creatures vanquished.

Notes
Turn   | Place    | Note
-------+----------+-------------------------------------------
     0 | D:1      | Exporg the Formicid Fighter began the quest for the Orb.
     0 | D:1      | Reached XP level 1. HP: 18/18 MP: 1/1
    43 | D:1      | Reached XP level 2. HP: 17/24 MP: 2/2
   643 | D:1      | Reached XP level 3. HP: 29/29 MP: 3/3
   955 | D:2      | Found a shimmering altar of Xom.
   955 | D:2      | Found a radiant altar of Vehumet.
  1171 | D:2      | Found a broken altar of Ashenzari.
  1294 | D:2      | Found a hide-covered altar of Uskayaw.
  1295 | D:2      | Found a hazy altar of Hepliaklqana.
  1296 | D:2      | Found a glowing golden altar of the Shining One.
  1446 | D:2      | Found a shadowy altar of Dithmenos.
  1595 | D:2      | Became a worshipper of the Shining One
  1613 | D:3      | Reached XP level 4. HP: 21/37 MP: 4/4
  1614 | D:3      | Reached skill level 4 in Shields
  1873 | D:3      | Found a runed translucent door.
  2172 | D:3      | Found a runed translucent door.
  2251 | D:3      | Found a stormy altar of Qazlal.
  2252 | D:3      | Noticed an air elemental
  2258 | D:3      | Noticed a water elemental
  2559 | D:3      | Reached XP level 5. HP: 39/42 MP: 5/5
  2762 | D:3      | Noticed a fire elemental
  2881 | D:3      | Noticed jeanjacques's ghost (weakling DsCK)
  3011 | D:3      | Killed jeanjacques's ghost
  3088 | D:4      | Reached XP level 6. HP: 41/48 MP: 6/6
  3090 | D:4      | Reached skill level 5 in Shields
  3279 | D:4      | Reached * piety under the Shining One
  3290 | D:4      | HP: 2/48 [hound (3)]
  3292 | D:4      | Killed from afar by an orc priest

Illustrated notes

Levels and vault maps discovered:
D:1:      dpeg_arrival_tiny_a, layout_basic, minmay_fountain_box
D:2:      layout_rooms, chequers_temple_overflow_statue_of_worship,
          amethyst_overflow_temple_binary, grunt_dithmenos_smoke
D:3:      layout_basic, ebering_ghost_sewer_f, nicolae_qazlal_style_of_elements
D:4:      layout_rooms

Skill      XL: |  1  2  3  4  5  6 |
---------------+-------------------+-----
Axes           | 3 4 |  4.4
Shields        | 4 5 |  5.2
Armour         | 4 |  4.3
Fighting       | 4 |  4.1
Dodging        | |  0.4
Stealth        | |  0.1

Action                   |  1- 3 |  4- 6 || total
-------------------------+-------+-------++-------
Melee: War axe           |   102 |   126 ||   228
 Abil: Dig               |       |     1 ||     1
Armor: Scale mail        |    23 |       ||    23
       Chain mail        |    24 |    64 ||    88
Dodge: Dodged            |    30 |    41 ||    71
Block: Kite shield       |    57 |    74 ||   131
